 Seeded DCSS version 0.30-a0-723-gc1506a1cf0 (webtiles) character file.

Game seed: 16761808480737616938 (custom seed)

150502 voltaire321 the Tortoise (level 16, -13/147 HPs)
             Began as a Minotaur Fighter on Jan 28, 2023.
             Was the Champion of Makhleb.
             Shot with an arrow by a deep elf archer (14 damage)
             ... on level 3 of the Elven Halls on Jan 29, 2023.
             The game lasted 02:09:30 (24157 turns).

voltaire321 the Tortoise (Minotaur Fighter)        Turns: 24157, Time: 02:09:31

Health: -13/147    AC: 39    Str: 29    XL:     16   Next: 98%
Magic:  23/23      EV: 16    Int:  5    God:    Makhleb [******]
Gold:   1078       SH:  8    Dex: 18    Spells: 15/15 levels left

rFire   . . .      SeeInvis .    t - +9 broad axe
rCold   + + .      Faith    .    u - +0 buckler of the Inquisitive Curses {rN+ Dex+2 Slay+3 Stlth-}
rNeg    + . .      Spirit   .    I - +9 plate armour of Mieqicla {rPois rC+ Str+3}
rPois   +          Reflect  .    (helmet restricted)
rElec   +          Harm     .    s - +2 cloak {rC+}
rCorr   .          Rampage  .    Y - +0 pair of gloves {Stlth+}
Will    +....                    (no boots) Stlth
                                 n - amulet of regeneration
HPRegen 1.24/turn                z - ring of Skepticism {AC+4 Dex+3 Stlth+}
MPRegen 0.18/turn                R - ring "Cyfer" {rElec AC+4}

@: slowed, very slow
A: horns 2, retaliatory headbutt
a: Renounce Religion, Minor Destruction, Lesser Servant of Makhleb, Major
Destruction, Greater Servant of Makhleb


You were on level 3 of the Elven Halls.
You worshipped Makhleb.
Makhleb was exalted by your worship.
You visited 5 branches of the dungeon, and saw 26 of its levels.
You also visited: Ice Cave.

You collected 3147 gold pieces.
You spent 2069 gold pieces at shops.

Inventory:

Hand Weapons
 t - a +9 broad axe (weapon)
 E - the +27 heavy crossbow "Sniper" {heavy, Acc+∞ SInv}
   (You found it on level 13 of the Dungeon)

   Acc+∞: It never misses its target.
   SInv:      It lets you see invisible.
 K - the +5 hand axe "Aseaton" {freeze, rPois}
   (You bought it in a shop on level 1 of the Dungeon)

   rPois:     It protects you from poison.
Missiles
 b - 20 boomerangs (quivered)
 d - 6 boomerangs of dispersal
 p - 46 poisoned darts
 w - 3 throwing nets
 O - 10 curare-tipped darts
 T - 7 javelins
Armour
 s - a +2 cloak of cold resistance (worn)
 u - the +0 buckler of the Inquisitive Curses (worn) {rN+ Dex+2 Slay+3 Stlth-}
   (You acquired it on level 10 of the Dungeon)

   Dex:       It affects your dexterity (+2).
   Slay:      It affects your accuracy & damage with ranged weapons and melee
   (+3).
   rN:        It protects you from negative energy.
   Stlth:     It makes you less stealthy.
 I - the +9 plate armour of Mieqicla (worn) {rPois rC+ Str+3}
   (You bought it in a shop on level 1 of the Dungeon)

   Str:       It affects your strength (+3).
   rC:        It protects you from cold.
   rPois:     It protects you from poison.
 Y - a +0 pair of gloves of stealth (worn)
 Z - a scarf of resistance
Jewellery
 g - a ring of protection from cold
 k - a ring of willpower
 m - a ring of see invisible
 n - an amulet of regeneration (around neck)
 y - a ring of positive energy
 z - the ring of Skepticism (left hand) {AC+4 Dex+3 Stlth+}
   (You took it off a deep elf pyromancer on level 1 of the Elven Halls)

   [ring of protection]

   AC:        It affects your AC (+4).
   Dex:       It affects your dexterity (+3).
   Stlth:     It makes you more stealthy.
 D - a ring of resist corrosion
 R - the ring "Cyfer" (right hand) {rElec AC+4}
   (You found it on level 8 of the Dungeon)

   [ring of protection]

   AC:        It affects your AC (+4).
   rElec:     It insulates you from electricity.
Wands
 o - a wand of mindburst (8)
 r - a wand of roots (19)
 x - a wand of polymorph (17)
 B - a wand of flame (20)
 N - a wand of digging (2)
 S - a wand of paralysis (11)
 W - a wand of light (5)
Scrolls
 a - a scroll of fear
 h - 9 scrolls of amnesia
 q - a scroll of enchant armour
 J - 3 scrolls of fog
 U - 2 scrolls of silence
 V - 8 scrolls of identify
Potions
 c - 2 potions of might
 e - 4 potions of lignification
 f - 8 potions of curing
 j - 2 potions of invisibility
 v - 2 potions of berserk rage
 A - a potion of resistance
 C - a potion of haste
 F - 5 potions of mutation
 H - 3 potions of flight
 L - 3 potions of brilliance
 M - 3 potions of cancellation
 X - 7 potions of ambrosia
Miscellaneous
 i - a box of beasts
 G - a condenser vane


   Skills:
 + Level 14.9 Fighting
 + Level 14.7 Axes
 - Level 3.3 Ranged Weapons
 - Level 12.0 Throwing
 + Level 15.3 Armour
 - Level 15.0 Dodging
 - Level 15.0 Shields
 + Level 10.8 Invocations
 - Level 5.0 Evocations


You had 15 spell levels left.
You didn't know any spells.
Your spell library contained the following spells:

 Spells                   Type           Power      Damage    Failure   Level
 Apportation              Tloc           0%         N/A       98%         1
 Foxfire                  Conj/Fire      0%         2x1d4     98%         1
 Necrotise                Necr           0%         1d4       98%         1
 Slow                     Hex            0%         N/A       98%         1
 Summon Small Mammal      Summ           0%         N/A       98%         1
 Blink                    Tloc           0%         N/A       99%         2
 Cigotuvi's Dreadful Rot  Necr/Pois/Air  0%         N/A       99%         2
 Ensorcelled Hibernation  Hex/Ice        0%         N/A       99%         2
 Lesser Beckoning         Tloc           0%         N/A       99%         2
 Momentum Strike          Conj/Tloc      0%         3d8       99%         2
 Poisonous Vapours        Pois/Air       0%         N/A       99%         2
 Call Canine Familiar     Summ           0%         N/A       100%        3
 Ignite Poison            Fire/Tmut/Pois 0%         N/A       100%        3
 Kindle Blastsparks       Fire/Tloc/Air  0%         2d10      100%        3
 Mephitic Cloud           Conj/Pois/Air  0%         N/A       100%        3
 Spider Form              Tmut/Pois      0%         N/A       100%        3
 Summon Guardian Golem    Hex/Summ       0%         N/A       100%        3
 Tukima's Dance           Hex            0%         N/A       100%        3
 Vhi's Electric Charge    Tloc/Air       0%         N/A       100%        3
 Anguish                  Hex/Necr       0%         N/A       100%        4
 Leda's Liquefaction      Hex/Erth       0%         N/A       100%        4
 Passage of Golubria      Tloc           0%         N/A       100%        4
 Petrify                  Tmut/Erth      0%         N/A       100%        4
 Summon Ice Beast         Ice/Summ       0%         N/A       100%        4
 Arcjolt                  Conj/Air       0%         1d10      100%        5
 Fireball                 Conj/Fire      0%         3d3       100%        5
 Freezing Cloud           Conj/Ice/Air   0%         6-21      100%        5
 Lee's Rapid Deconstruct  Erth           0%         3d4*      100%        5
 Metabolic Englaciation   Hex/Ice        0%         N/A       100%        5
 Summon Mana Viper        Hex/Summ       0%         N/A       100%        5
 Yara's Violent Unravell  Hex/Tmut       0%         3d3       100%        5
 Conjure Ball Lightning   Conj/Air       0%         3x3d6     100%        6
 Starburst                Conj/Fire      0%         6d3       100%        6
 Statue Form              Tmut/Erth      0%         N/A       100%        6
 Monstrous Menagerie      Summ           0%         N/A       100%        7
 Discord                  Hex            0%         N/A       100%        8
 Disjunction              Tloc           0%         N/A       100%        8
 Maxwell's Capacitive Co  Air            0%         ∞         100%        8
 Fire Storm               Conj/Fire      0%         5d1       100%        9


Dungeon Overview and Level Annotations

Branches:
Dungeon (15/15)            Temple (1/1) D:5            Lair (5/5) D:9
 Shoals (0/4) Lair:3        Snake (0/4) Lair:2        Slime (0/5) Lair:4
    Orc (2/2) D:9             Elf (3/3) Orc:2        Vaults (0/5) D:14
 Depths (0/4) D:15          IceCv (visited)

Altars:
Ashenzari
Cheibriados
Dithmenos
Elyvilon
Fedhas
Gozag
Hepliaklqana
Kikubaaqudgha
Makhleb
Nemelex Xobeh
Okawaru
Qazlal
Ru
Sif Muna
Trog
Uskayaw
Vehumet
Wu Jian
Xom
Yredelemnul
Zin
The Shining One
Jiyva

Shops:
D:1 [!!(   D:2 :   D:13 [   D:15 !   Orc:2 =[=*   Elf:2 !(*[

Annotations:
Lair:5 exclusion: obsidian statue
Elf:2 3 runed translucent doors


Innate Abilities, Weirdness & Mutations

You have a pair of horns on your head.
You reflexively headbutt those who attack you in melee.


Message History

You resist with some effort.
The deep elf archer shoots an arrow.
The arrow hits you but does no damage.
You hear a twanging sound.
An arrow appears from out of thin air!
The arrow hits you but does no damage.
The deep elf archer unwields a +0 dagger.
The deep elf archer wields a +0 shortbow.
The deep elf archer shoots an arrow.
The arrow hits you!!
* * * LOW HITPOINT WARNING * * *
You hear a twanging sound.
An arrow appears from out of thin air!
The arrow hits you but does no damage.
The deep elf archer shoots an arrow.
The arrow hits you but does no damage.
You feel less confused.
You hear a twanging sound.
An arrow appears from out of thin air!
The arrow barely misses you.
The deep elf archer shoots an arrow.
You block the arrow.
The deep elf archer shoots an arrow.
You block the arrow.
You hear a twanging sound.
An arrow appears from out of thin air!
The arrow hits you!
* * * LOW HITPOINT WARNING * * *
You hear a twanging sound.
An arrow appears from out of thin air!
The arrow hits you but does no damage.
You hear a twanging sound.
An arrow appears from out of thin air!
The arrow barely misses you.
You hear a twanging sound.
An arrow appears from out of thin air!
The arrow hits you!
* * * LOW HITPOINT WARNING * * *
The deep elf archer shoots an arrow.
The arrow hits you but does no damage.
The deep elf archer shoots an arrow.
The arrow barely misses you.
You hear a twanging sound.
An arrow appears from out of thin air!
The arrow hits you but does no damage.
You hear a twanging sound.
An arrow appears from out of thin air!
The arrow hits you.
* * * LOW HITPOINT WARNING * * *
The deep elf pyromancer casts a spell.
A deep elf pyromancer comes into view. It is wielding a +1 dagger of venom.
You hear a twanging sound.
An arrow appears from out of thin air!
The arrow hits you!
* * * LOW HITPOINT WARNING * * *
The deep elf archer shoots an arrow.
The arrow hits you!
You die...

#..#≈~....#
#..#≈~....#
#..#≈~....###
#..#≈~.e....
#..#≈~..e.#
#..'......#
#..'......#
#..@......#
#..#~~...)##
#..#≈~...).#
#..#~≈..).#.#
#..#≈~....# .
+..#≈~E)).#
#..#≈~))).#
#..#≈~.ee.#
#..#≈≈.)).#


You could see 2 deep elf archers, 2 deep elf pyromancers and a fire elemental
(summoned).

Vanquished Creatures
  Saint Roka (Orc:2)
  Jorgrun (D:13)
  Asterion (Elf:3)
  Kirke (D:15)
  A frost giant (IceCv)
  An orc warlord (Orc:1)
  A stone giant (D:15)
  A deep elf demonologist (Elf:2)
  Azrael (D:13)
  2 dire elephants (Lair:5)
  2 hydras
  Erolcha (D:11)
  2 catoblepae (Lair:2)
  6 boulder beetles
  A tengu warrior (D:9)
  4 centaur warriors
  2 two-headed ogres
  8 vault guards (D:14)
  13 dancing weapons
  4 death yaks
  An alligator (shapeshifter) (D:9)
  A spectral dire elephant (Lair:5)
  Amaemon (Lair:2)
  13 deep elf knights
  3 orc high priests
  Sonja (D:13)
  2 spectral death yaks (Lair:5)
  The ghost of sirJeffrey23 the Severer, a novice HOFi of Beogh (D:7)
  A spectral anaconda (Lair:5)
  8 skeletal warriors
  The ghost of browni3141 the Ruffian, a novice TrBe of Trog (D:7)
  15 deep elf archers
  Pikel (D:5)
  A harpy (shapeshifter) (D:13)
  A wizard (D:14)
  20 deep elf pyromancers
  8 orc knights
  4 necromancers (Lair:5)
  18 deep elf zephyrmancers
  4 orc sorcerers
  4 manticores (D:15)
  19 ugly things
  4 cyclopes
  9 elephants (Lair:5)
  A guardian serpent (D:13)
  An ice statue (IceCv)
  5 black mambas
  3 gargoyles
  A dire elephant skeleton (Lair:5)
  12 cane toads
  7 rime drakes
  6 komodo dragons
  A yaktaur (D:15)
  A tengu conjurer (D:9)
  2 kobold demonologists (D:13)
  2 ice devils (Lair:1)
  17 polar bears
  A hornet (D:9)
  5 trolls
  3 meliai (Lair:4)
  A meliai (shapeshifter) (Elf:1)
  A queen bee (Lair:4)
  A spectral elephant (Lair:5)
  5 saltlings (Orc:2)
  3 air elementals (Elf:1)
  A jumping spider (shapeshifter) (D:9)
  A vampire (D:14)
  6 water elementals
  A shadow (D:11)
  2 dire elephant simulacra (Lair:5)
  77 yaks
  10 wyverns
  7 fire elementals
  4 basilisks
  3 hogs (D:15)
  A human (shapeshifter) (D:14)
  2 steam dragons
  4 vampire mosquitoes
  7 wargs
  2 spectral cane toads (Lair:5)
  A naga (Lair:2)
  2 acid dragons
  3 hell hounds (D:13)
  16 water moccasins
  31 orc warriors
  A sky beast (D:8)
  6 black bears
  An ice beast (D:6)
  18 ogres
  8 centaurs
  An elephant zombie (Lair:5)
  27 wolves
  An elephant skeleton (Lair:5)
  3 lemures (D:5)
  5 kobold brigands
  A necrophage (D:5)
  10 bullfrogs
  3 earth elementals
  A scorpion (D:4)
  2 cane toad simulacra (Lair:5)
  2 water moccasin zombies (D:6)
  2 wights (D:6)
  34 killer bees
  2 elephant simulacra (Lair:5)
  5 howler monkeys
  The ghost of Dittersdorf the Trooper, a weakling GrFi (D:4)
  3 electric eels (Elf:3)
  4 bullfrog zombies (D:6)
  A centaur zombie (D:6)
  3 hounds
  A jelly (D:5)
  A human zombie (D:6)
  5 gnoll boudas
  18 orc priests
  Crazy Yiuf (D:5)
  2 iguanas (D:5)
  Terence (D:2)
  26 orc wizards
  A killer bee zombie (D:6)
  20 gnolls
  5 adders
  2 shadow imps
  2 white imps
  2 ufetubi
  A worm (D:4)
  5 dart slugs
  86 orcs
  4 endoplasms
  4 giant cockroaches
  4 goblins
  11 hobgoblins
  7 jackals
  25 kobolds
  3 quokkas
  9 ball pythons
  6 bats
  2 frilled lizards (D:1)
  6 rats
  A butterfly (Lair:5)
  27 pillars of salt (Orc:2)
888 creatures vanquished.

Vanquished Creatures (collateral kills)
  A cane toad (Lair:2)
  An orange demon (Lair:2)
  An orc priest (Orc:2)
  An orc wizard (Orc:2)
  2 orcs (Orc:2)
6 creatures vanquished.

Vanquished Creatures (others)
  A deep elf knight (Elf:3)
  A deep elf zephyrmancer (Elf:1)
  An orc wizard (Orc:2)
  A mummy (D:6)
  2 orcs (D:8)
  A bush (Lair:4)
  37 fungi
  A pillar of salt (Orc:2)
  45 plants
  33 withered plants
123 creatures vanquished.

Grand Total: 1017 creatures vanquished

Notes
Turn   | Place    | Note
-------+----------+-------------------------------------------
     0 | D:1      | voltaire321 the Minotaur Fighter began the quest for the
                  | Orb.
     0 | D:1      | Reached XP level 1. HP: 19/19 MP: 0/0
    45 | D:1      | Found Cais's Armour Boutique.
    78 | D:1      | Found Tena Biz's Distillery.
   191 | D:1      | Reached XP level 2. HP: 26/27 MP: 1/1
   248 | D:1      | Found Azayfeci's Weapon Shoppe.
   485 | D:1      | Found Gashrilaa's Distillery.
   605 | D:2      | Reached XP level 3. HP: 33/33 MP: 2/2
   620 | D:2      | Reached skill level 1 in Dodging
   773 | D:2      | Reached XP level 4. HP: 40/40 MP: 3/3
   893 | D:2      | Noticed Terence
  1058 | D:2      | Killed Terence
  1198 | D:2      | Found a faded altar of an unknown god.
  1260 | D:2      | Reached XP level 5. HP: 47/47 MP: 4/4
  1349 | D:2      | Found Deloesm's Book Emporium.
  1808 | D:3      | Found a blossoming altar of Fedhas.
  1841 | D:3      | Upgraded the game from 0.30-a0-722-g3e6e8c874d to
                  | 0.30-a0-723-gc1506a1cf0
  1984 | D:3      | Found a snail-covered altar of Cheibriados.
  2152 | D:3      | Found the +7 Kryia's mail coat {PotionHeal*2 rC+}
  2559 | D:4      | Reached XP level 6. HP: 40/55 MP: 5/5
  2568 | D:4      | Reached skill level 5 in Shields
  2717 | D:4      | Reached skill level 5 in Fighting
  2717 | D:4      | Reached skill level 5 in Armour
  3215 | D:4      | Found a runed translucent gate.
  3215 | D:4      | Found a runed translucent gate.
  3215 | D:4      | Found a runed translucent gate.
  3220 | D:4      | Noticed Dittersdorf's ghost (weakling GrFi)
  3299 | D:4      | Killed Dittersdorf's ghost
  3328 | D:5      | Entered Level 5 of the Dungeon
  3342 | D:5      | Reached XP level 7. HP: 48/61 MP: 6/6
  3413 | D:5      | Found a hide-covered altar of Uskayaw.
  3425 | D:5      | Reached skill level 1 in Throwing
  3480 | D:5      | Found a shadowy altar of Dithmenos.
  3553 | D:5      | Found a staircase to the Ecumenical Temple.
  3561 | D:5      | Noticed Pikel
  3575 | D:5      | Killed Pikel
  3576 | D:5      | Reached skill level 5 in Axes
  3576 | D:5      | Reached XP level 8. HP: 66/70 MP: 7/7
  3583 | Temple   | Entered the Ecumenical Temple
  3941 | D:5      | Found a runed translucent door.
  3942 | D:5      | Noticed Crazy Yiuf
  3950 | D:5      | Killed Crazy Yiuf
  4410 | D:6      | You fall into a shaft and drop 3 floors!
  4442 | D:9      | Reached skill level 5 in Dodging
  4442 | D:9      | Reached XP level 9. HP: 57/78 MP: 8/8
  4462 | D:9      | Found a staircase to the Lair.
  4740 | D:6      | Found a basalt altar of Yredelemnul.
  4806 | D:6      | Found a burning altar of Makhleb.
  4811 | D:6      | Reached skill level 5 in Throwing
  4816 | D:6      | Became a worshipper of Makhleb the Destroyer
  5021 | D:7      | Found an ancient bone altar of Kikubaaqudgha.
  5074 | D:7      | Found a glowing silver altar of Zin.
  5101 | D:7      | Found a runed translucent gate.
  5148 | D:7      | Found a sparkling altar of Nemelex Xobeh.
  5348 | D:7      | Found an opulent altar of Gozag.
  5365 | D:7      | Found a runed translucent gate.
  5365 | D:7      | Found a runed translucent gate.
  5368 | D:7      | Noticed browni3141's ghost (novice TrBe)
  5369 | D:7      | Noticed sirJeffrey23's ghost (novice HOFi)
  5393 | D:7      | Found a sacrificial altar of Ru.
  5448 | D:7      | Reached skill level 1 in Invocations
  5452 | D:7      | Reached XP level 10. HP: 60/88 MP: 9/9
  5612 | D:8      | Found a white marble altar of Elyvilon.
  5936 | D:8      | Identified the ring "Cyfer" {rElec AC+4}
  6369 | D:9      | Reached * piety under Makhleb
  6716 | D:9      | Reached ** piety under Makhleb
  6897 | D:9      | Noticed a five-headed hydra
  6897 | D:9      | Noticed a cyan ugly thing
  6897 | D:9      | Noticed a gargoyle
  6897 | D:9      | Noticed a centaur warrior
  6897 | D:9      | Noticed a tengu warrior
  6904 | D:9      | Noticed a cyclops
  6905 | D:9      | Noticed a guardian serpent
  6905 | D:9      | Noticed a centaur warrior
  6948 | D:9      | Noticed a swamp dragon
  7045 | D:9      | Found a staircase to the Orcish Mines.
  7139 | D:10     | Entered Level 10 of the Dungeon
  7240 | D:10     | Identified a scroll of acquirement
  7240 | D:10     | Acquired the +0 buckler of the Inquisitive Curses {rN+
                  | Dex+2 Slay+3 Stlth-}
  7286 | D:10     | Found a shimmering altar of Xom.
  7329 | D:10     | Found a broken altar of Ashenzari.
  7339 | D:10     | Got the Guidebook on Unfortunate Heat
  7363 | D:10     | Found a shimmering blue altar of Sif Muna.
  7364 | D:10     | Found a stormy altar of Qazlal.
  7777 | Lair:1   | Entered Level 1 of the Lair of Beasts
  7793 | Lair:1   | Noticed a black mamba
  7794 | Lair:1   | Noticed a black mamba
  7801 | Lair:1   | Killed a black mamba
  7809 | Lair:1   | Killed a black mamba
  7810 | Lair:1   | Reached XP level 11. HP: 88/97 MP: 12/12
  7893 | Lair:1   | Acquired a manual of Dodging
  8302 | Lair:1   | Found a frozen archway.
  8329 | IceCv    | Entered an ice cave
  8386 | IceCv    | Noticed a death yak
  8388 | IceCv    | Noticed a death yak
  8388 | IceCv    | Noticed a death yak
  8400 | IceCv    | Killed a death yak
  8401 | IceCv    | Reached skill level 10 in Shields
  8403 | IceCv    | Killed a death yak
  8403 | IceCv    | Reached *** piety under Makhleb
  8404 | IceCv    | Reached skill level 10 in Fighting
  8409 | IceCv    | Killed a death yak
  8410 | IceCv    | Reached skill level 10 in Armour
  8516 | IceCv    | Reached skill level 5 in Invocations
  8655 | IceCv    | Noticed a frost giant
  8665 | IceCv    | Reached skill level 10 in Axes
  8685 | IceCv    | Killed a frost giant
  8686 | IceCv    | Reached XP level 12. HP: 97/107 MP: 15/15
  8733 | IceCv    | Got the Atlas of the Foggy Sun
  8917 | IceCv    | Reached **** piety under Makhleb
  9847 | Lair:2   | Noticed a catoblepas
  9851 | Lair:2   | Noticed Amaemon
  9855 | Lair:2   | Noticed a catoblepas
  9905 | Lair:2   | HP: 2/110 [catoblepas (21)]
 10226 | Lair:2   | Found a staircase to the Snake Pit.
 10464 | D:1      | Bought the +5 hand axe "Aseaton" {freeze, rPois} for 457
                  | gold pieces
 10735 | Lair:2   | Killed a catoblepas
 10865 | Lair:2   | HP: 5/110 [catoblepas (19)]
 10866 | Lair:2   | Killed a catoblepas
 11133 | Lair:2   | Killed Amaemon
 11461 | Lair:3   | Reached XP level 13. HP: 115/116 MP: 17/17
 11555 | Lair:3   | Found a staircase to the Shoals.
 11716 | Lair:3   | Reached skill level 10 in Dodging
 12051 | Lair:4   | Found a viscous altar of Jiyva.
 12051 | Lair:4   | Found a staircase to the Slime Pits.
 12110 | Lair:4   | Reached ***** piety under Makhleb
 12420 | Lair:4   | Found a hazy altar of Hepliaklqana.
 12622 | Lair:5   | Entered Level 5 of the Lair of Beasts
 13165 | Lair:5   | Noticed a dire elephant
 13165 | Lair:5   | Noticed a dire elephant
 13775 | Lair:5   | Reached XP level 14. HP: 125/126 MP: 19/19
 13936 | Lair:5   | Reached skill level 1 in Evocations
 14090 | Lair:5   | HP: 5/127 [dire elephant (22)]
 14555 | Orc:1    | Entered Level 1 of the Orcish Mines
 14590 | Orc:1    | Reached ****** piety under Makhleb
 14719 | Orc:2    | Entered Level 2 of the Orcish Mines
 14719 | Orc:2    | Noticed Saint Roka
 14924 | D:7      | Killed sirJeffrey23's ghost
 14945 | D:7      | Killed browni3141's ghost
 15158 | D:9      | Reached skill level 10 in Throwing
 15194 | D:9      | Identified the +2 spear of the Transmuting Gods {heavy,
                  | Int+8}
 15195 | D:9      | Identified the +1 robe of the Invisible Hand {-Tele rCorr
                  | Int+3 Stlth+}
 15679 | D:1      | Bought the +9 plate armour of Mieqicla {rPois rC+ Str+3}
                  | for 1017 gold pieces
 16192 | D:11     | Noticed Erolcha
 16251 | D:11     | Killed Erolcha
 16657 | Orc:2    | Found a staircase to the Elven Halls.
 16691 | Orc:2    | Killed Saint Roka
 17031 | Orc:1    | Noticed an orc warlord
 17069 | Orc:1    | Killed an orc warlord
 17090 | Orc:1    | Found Naesmiy's Weapon Boutique.
 17489 | Orc:2    | Found Laecicko's Jewellery Shop.
 17731 | Orc:2    | Paralysed by an orc sorcerer for 4 turns
 17771 | Orc:2    | Found Zaaqimi's Jewellery Shoppe.
 17773 | Orc:2    | Found Ede Jyt's Assorted Antiques.
 17801 | Orc:2    | Bought a potion of might for 120 gold pieces
 17801 | Orc:2    | Bought a scroll of teleportation for 90 gold pieces
 17815 | Orc:2    | Found Hebuet's Armour Shoppe.
 17826 | Orc:2    | Reached XP level 15. HP: 136/136 MP: 20/20
 18341 | D:12     | Found a hazy altar of Hepliaklqana.
 19046 | D:13     | Noticed Azrael
 19184 | D:13     | Killed Azrael
 19312 | D:13     | Found the +27 heavy crossbow "Sniper" {heavy, Acc+∞ SInv}
 19353 | D:13     | Noticed Jorgrun
 19366 | D:13     | Killed Jorgrun
 19554 | D:13     | Found Onediope's Antique Armour Shoppe.
 19563 | D:13     | Bought a pair of embroidered gloves for 187 gold pieces
 19603 | D:13     | Noticed Sonja
 19604 | D:13     | Killed Sonja
 20121 | D:14     | Found a gate to the Vaults.
 20957 | D:15     | Entered Level 15 of the Dungeon
 20957 | D:15     | Noticed Kirke
 20971 | D:15     | Killed Kirke
 20990 | D:15     | Found a staircase to the Depths.
 21031 | D:15     | Reached skill level 5 in Evocations
 21400 | D:15     | Found Nisa's Distillery.
 21405 | D:15     | Bought a potion of might for 76 gold pieces
 21405 | D:15     | Bought a potion of curing for 57 gold pieces
 21521 | D:15     | Reached XP level 16. HP: 112/146 MP: 22/22
 21526 | D:15     | Reached skill level 10 in Invocations
 21906 | Elf:1    | Entered Level 1 of the Elven Halls
 22090 | Elf:1    | Reached skill level 1 in Ranged Weapons
 22453 | Elf:1    | Identified the ring of Skepticism {AC+4 Dex+3 Stlth+}
 22678 | Elf:1    | Reached skill level 15 in Dodging
 22906 | Elf:1    | Found a radiant altar of Vehumet.
 23268 | Elf:2    | Found Syan Boj's Distillery.
 23284 | Elf:2    | Found Hiludimu's Weapon Shop.
 23313 | Elf:2    | Found Utro's General Store.
 23316 | Elf:2    | Bought a potion of heal wounds for 65 gold pieces
 23352 | Elf:2    | Reached skill level 15 in Shields
 23379 | Elf:2    | Reached skill level 15 in Armour
 23545 | Elf:2    | Found a runed translucent gate.
 23545 | Elf:2    | Found a runed translucent gate.
 23579 | Elf:2    | Found a runed translucent gate.
 23637 | Elf:2    | Found Urhimm's Armour Boutique.
 23714 | Elf:3    | Entered Level 3 of the Elven Halls
 23897 | Elf:3    | Noticed Asterion
 23920 | Elf:3    | Noticed an Executioner
 23927 | Elf:3    | Killed Asterion
 24157 | Elf:3    | HP: 1/147 [something (15)]
 24157 | Elf:3    | Shot with an arrow by a deep elf archer

Illustrated notes

Levels and vault maps discovered:
D:1:      ebering_hopf_link, layout_rooms, serial_shops,
          nicolae_shop_hallway_plus, nicolae_shop_trees, shop,
          nicolae_shop_advertising_works [nicolae_subvault_shop_adworks],
          kennysheep_minor_cross, corner_web_ring
D:2:      layout_loops_ring, serial_shops, nicolae_diamond_shop,
          chequers_ecumenical_altar_island, uniq_terence
D:3:      layout_loops_cross, mainiacjoe_overflow_boulevard,
          mainiacjoe_overflow_alcove_1, serial_forest,
          infiniplex_forest_lined_2, infiniplex_forest_straight_3,
          infiniplex_forest_diagonal, infiniplex_forest_lined_2,
          infiniplex_forest_straight_1, kennysheep_potato
D:4:      layout_basic, ebering_ghost_rock_garden
D:5:      layout_basic, grunt_dithmenos_smoke, eat_drink_and_be_merry_uskayaw,
          minmay_temple_entry_ruins, uniq_crazy_yiuf_cottage, uniq_pikel
D:6:      layout_rooms, lemuel_mausoleum_altar_yredelemnul,
          makhleb_blood_cavern_becter
D:7:      layout_cave_pools, pdpol_temple_overflow_zin_treasury_gozag_greed,
          nicolae_ru_path_of_blood, nemelex_diamond_rough_becter,
          lemuel_round_altar, gammafunk_ghost_cemetery,
          minmay_misc_feat_more_columns, minmay_misc_feat_encased
D:8:      layout_loops_ring, nicolae_elyvilon_peaceful_grove
D:9:      layout_roguey, minmay_lair_entry_grove, hiddenorc1_lemuel,
          nicolae_two_hexagons, minivault_12
D:10:     layout_basic, lemuel_round_altar, mainiacjoe_overflow_surrounded_room,
          gammafunk_temple_overflow_statue, glass_columns_a
D:11:     layout_small_grid, minivault_22, grunt_decor_arrowhead, uniq_erolcha
D:12:     layout_loops_ring, nicolae_hepliaklqana_hazy_memory
D:13:     layout_basic, serial_shops, nicolae_stop_n_shop_2,
          nrook_guardian_serpent_double, uniq_jorgrun, uniq_sonja, uniq_azrael
D:14:     kennysheep_seaside_town, layout_long_grid, erik_vaults_2,
          solitary_fountain
D:15:     grunt_enter_depths_giant_problem, layout_basic, serial_park_square1
          [serial_park_minivault_5x5_8], serial_shops, shop, uniq_kirke
Temple:   nicolae_temple_two_arcs
Lair:1:   layout_cellular_growth, portal_ice_cave_demonic_guard, st_stairs_12
Lair:2:   layout_misc_corridors, guppyfry_snake_entry_island,
          beast_lair_carwin_3, uniq_amaemon
Lair:3:   layout_roguey, elwin_shoals_entry_rocks
Lair:4:   layout_roguey [special_room_bee], slime_entry_1, basic_altar
Lair:5:   due_jungle_book, layout_regular_city, serial_bayou_shore_b,
          lemuel_fruit_fields, lemuel_fruit_fields, lemuel_fruit_tree
Orc:1:    layout_caves, serial_shops, nicolae_shop_bloodbath_and_beyond
Orc:2:    hellmonk_orc_salted, layout_diamond_mine, uniq_saint_roka
Elf:1:    layout_geoelf_diagonals, basic_altar,
          hangedman_elven_crosses_minicolossus
Elf:2:    nicolae_elf_blades_splatter_lattice [grunt_blade_entry_basic],
          layout_rooms, serial_shops, nicolae_shop_behind_doors,
          nicolae_shop_crystal, nicolae_shop_trees, nicolae_shop_window_shopping
Elf:3:    elf_hall_gauntlet_narrow, layout_geoelf_castle, uniq_asterion

Skill      XL: |  1  2  3  4  5  6  7  8  9 10 11 12 13 14 15 16 |
---------------+-------------------------------------------------+-----
Shields        | 4 5 6 7 8 9 10 11 12 13 14 15 | 15.0
Fighting       | 4 5 6 8 9 10 11 12 13 14 | 14.9
Armour         | 4 5 6 7 8 9 10 11 12 13 14 15 | 15.3
Axes           | 3 4 5 6 7 9 10 11 12 13 14 | 14.7
Dodging        | 1 2 3 4 5 7 9 11 13 14 15 | 15.0
Throwing       | 2 3 5 6 7 8 9 10 11 12 | 12.0
Invocations    | 1 3 5 6 8 9 10 | 10.8
Evocations     | 3 5 |  5.0
Ranged Weapons | 3 |  3.3

Action                     |  1- 3 |  4- 6 |  7- 9 | 10-12 | 13-15 | 16-18 || total
---------------------------+-------+-------+-------+-------+-------+-------++-------
  Melee: War axe           |    74 |   171 |   246 |   509 |       |       ||  1000
         Headbutt          |     6 |    24 |    52 |   153 |   354 |    61 ||   650
         Hand axe          |       |       |       |    66 |   921 |       ||   987
         Unarmed           |       |       |       |       |    13 |       ||    13
         Broad axe         |       |       |       |       |   263 |   271 ||   534
         Punch             |       |       |       |       |       |     1 ||     1
   Fire: Heavy crossbow    |       |       |       |       |    14 |    38 ||    52
  Throw: Dart              |       |       |     2 |    10 |     8 |       ||    20
         Boomerang         |       |       |       |       |   105 |    22 ||   127
         Javelin           |       |       |       |       |    11 |     2 ||    13
 Invoke: Minor Destruction |       |       |       |     2 |       |       ||     2
         Lesser Servant of |       |       |       |     1 |       |       ||     1
  Evoke: Wand              |       |       |       |     1 |     4 |       ||     5
    Use: Scroll            |       |     9 |       |    19 |    23 |     2 ||    53
         Potion            |       |       |       |     5 |     7 |     6 ||    18
   Stab: Petrified         |       |       |       |    25 |       |       ||    25
         Distracted        |       |       |       |       |     1 |       ||     1
 Armour: Scale mail        |    33 |    86 |   136 |   513 |   244 |       ||  1012
         Plate armour      |       |       |       |       |   241 |   269 ||   510
  Dodge: Dodged            |    37 |   101 |   136 |   456 |   596 |   249 ||  1575
  Block: Buckler           |    16 |    46 |    96 |   240 |   385 |   112 ||   895

Table legend: (Time is in decaauts)
 A = Elapsed time spent in this place.
 B = Non-inter-level travel time spent in this place.
 C = Inter-level travel time spent in this place.
 D = Time resting spent in this place.
 E = Time spent auto-exploring this place.
 F = Levels seen in this place.
 G = Mean time per level.
                   A        B        C        D        E       F      G
               +--------+--------+--------+--------+--------+-----+--------+
         Total |  24286 |  21599 |   2687 |   1907 |  12395 |  27 |  899.5 |
       Dungeon |  13485 |  11854 |   1631 |    870 |   7499 |  15 |  899.0 |
        Temple |    118 |    118 |      0 |      0 |    107 |   1 |  118.0 |
          Lair |   5598 |   4802 |    796 |    457 |   2708 |   5 | 1119.6 |
  Orcish Mines |   1968 |   1753 |    215 |    256 |    727 |   2 |  984.0 |
   Elven Halls |   2393 |   2350 |     43 |    227 |   1075 |   3 |  797.7 |
      Ice Cave |    721 |    721 |      0 |     97 |    278 |   1 |  721.0 |
               +--------+--------+--------+--------+--------+-----+--------+

Top non-repeatable levels by time:
  Lair:5: 1684 daAuts
  Lair:1: 1501 daAuts
     D:9: 1309 daAuts
   Elf:1: 1290 daAuts
    D:14: 1249 daAuts
  Lair:2: 1248 daAuts
     D:3: 1148 daAuts
   Orc:2: 1042 daAuts
     D:2: 1023 daAuts
     D:8: 957 daAuts
     D:7: 950 daAuts
   Orc:1: 925 daAuts
     D:5: 885 daAuts
    D:12: 860 daAuts
     D:4: 844 daAuts
